 Dungeon Crawl Stone Soup version 0.31-a0-219-g8d62b2e7bb (webtiles) character file.

Game seed: 2592763107527220948

175642 pokeman the Sorcerer (level 17, 0/96 HPs)
             Began as a Deep Elf Hedge Wizard on July 3, 2023.
             Was the Champion of Vehumet.
             Shot with an arrow by a deep elf archer (16 damage)
             ... on level 1 of the Elven Halls.
             The game lasted 01:27:39 (33429 turns).

pokeman the Sorcerer (Deep Elf Hedge Wizard)       Turns: 33429, Time: 01:27:40

Health: 0/96       AC: 17    Str: 12    XL:     17   Next: 22%
Magic:  9/48       EV: 11    Int: 40    God:    Vehumet [******]
Gold:   2069       SH: 11    Dex: 14    Spells: 23/66 levels left

rFire   . . .        y - +5 trident of the Many Souls {freeze, Str+5}
rCold   . . .        D - +0 buckler
rNeg    . . .        K - +0 swamp dragon scales
rPois   +            n - +0 helmet
rElec   .            Q - +1 cloak {rPois}
rCorr   .            e - +0 pair of gloves
SInv    .            J - +2 pair of boots
Will    +....        w - amulet of reflection
Stlth   ++           q - +6 ring of intelligence
HPRegen 0.36/turn    X - +6 ring of intelligence
MPRegen 0.31/turn

%: reflection
@: slowed, very slow
A: no striking features
}: 1/15 runes: decaying
a: Renounce Religion


You were on level 1 of the Elven Halls.
You worshipped Vehumet.
Vehumet was exalted by your worship.
You visited 7 branches of the dungeon, and saw 29 of its levels.
You also visited: Ossuary.

You collected 2921 gold pieces.
You spent 852 gold pieces at shops.

Inventory:

Hand Weapons
 s - the +1 whip of Incongruity {flame, rPois rC+}
   (You found it on level 3 of the Dungeon)

   rC:        It protects you from cold.
   rPois:     It protects you from poison.
 y - the +5 trident of the Many Souls (weapon) {freeze, Str+5}
   (You found it on level 4 of the Dungeon)

   Str:       It affects your strength (+5).
Missiles
 O - 2 curare-tipped darts
Armour
 e - a +0 pair of gloves (worn)
 j - a +0 ring mail of cold resistance
 n - a +0 helmet (worn)
 D - a +0 buckler (worn)
 J - a +2 pair of boots (worn)
 K - +0 swamp dragon scales (worn)
 L - a +1 leather armour of fire resistance
 Q - a +1 cloak of poison resistance (worn)
Jewellery
 c - a ring of ice
 m - an amulet of magic regeneration
 q - a +6 ring of intelligence (left hand)
 w - an amulet of reflection (around neck)
 G - a ring of see invisible
 X - a +6 ring of intelligence (right hand)
Wands
 v - a wand of roots (5)
 A - a wand of quicksilver (42)
 B - a wand of digging (6)
Scrolls
 g - 8 scrolls of blinking
 k - 12 scrolls of teleportation
 Y - a scroll of revelation
Potions
 a - 3 potions of attraction {unknown}
 b - 4 potions of invisibility {unknown}
 d - 2 potions of magic
 f - a potion of cancellation {unknown}
 h - 4 potions of mutation {unknown}
 i - 6 potions of lignification {unknown}
 p - 9 potions of haste
 t - 3 potions of ambrosia {unknown}
 u - 13 potions of curing
 x - a potion of enlightenment {unknown}
 H - 3 potions of resistance {unknown}
 I - 9 potions of heal wounds
 T - 3 potions of might {unknown}
 V - 3 potions of brilliance {unknown}
Miscellaneous
 E - a phial of floods
 Z - a sack of spiders


   Skills:
 - Level 7.0 Fighting
 + Level 6.6 Armour
 - Level 4.0 Dodging
 - Level 4.0 Stealth
 - Level 7.0 Shields
 * Level 25.0 Spellcasting
 + Level 16.0 Conjurations
 - Level 1.1 Summonings
 - Level 5.2 Necromancy
 - Level 1.1 Translocations
 + Level 14.0 Fire Magic
 - Level 1.2 Ice Magic
 - Level 1.0 Air Magic
 - Level 4.1 Earth Magic
 - Level 1.2 Poison Magic
 - Level 1.1 Evocations


You had 23 spell levels left.
You knew the following spells:

 Your Spells              Type           Power      Damage    Failure   Level
a - Magic Dart            Conj           100%       1d8       0%          1
b - Mephitic Cloud        Conj/Pois/Air  78%        N/A       1%          3
c - Call Imp              Summ           100%       N/A       1%          2
d - Blink                 Tloc           100%       N/A       1%          2
e - Freezing Cloud        Conj/Ice/Air   39%        6-21      1%          5
f - Fireball              Conj/Fire      53%        3d21      1%          5
g - Orb of Destruction    Conj           54%        9d14      1%          7
h - Hailstorm             Conj/Ice       87%        3d17      1%          3
i - Sticky Flame          Conj/Fire      100%       2d11      0%          4
j - Iskenderun's Battles  Conj           100%       2d15      1%          5
k - Leda's Unmaking       Conj/Erth      46%        9d8       1%          6

Your spell library contained the following spells:

 Spells                   Type           Power      Damage    Failure   Level
 Plasma Beam              Fire/Air       41%        2x1d55    1%          6
 Searing Ray              Conj           100%       2d8       0%          2
 Slow                     Hex            100%       N/A       1%          1
 Sting                    Tmut/Pois      100%       1d8       1%          1
 Cigotuvi's Dreadful Rot  Necr/Pois/Air  100%       N/A       1%          2
 Poisonous Vapours        Pois/Air       100%       N/A       1%          2
 Ignite Poison            Fire/Tmut/Pois 74%        N/A       1%          3
 Dispel Undead            Necr           75%        3d25      1%          4
 Fulminant Prism          Conj/Hex       42%        3d19      1%          4
 Olgreb's Toxic Radiance  Pois           56%        N/A       1%          4
 Conjure Ball Lightning   Conj/Air       43%        3x3d15    1%          6
 Summon Guardian Golem    Hex/Summ       53%        N/A       2%          3
 Leda's Liquefaction      Hex/Erth       30%        N/A       4%          4
 Petrify                  Tmut/Erth      61%        N/A       4%          4
 Passage of Golubria      Tloc           56%        N/A       6%          4
 Spellforged Servitor     Conj/Summ      43%        N/A       7%          7
 Death Channel            Necr           37%        N/A       19%         6
 Silence                  Hex/Air        26%        N/A       22%         5
 Lehudib's Crystal Spear  Conj/Erth      46%        10d11     26%         8
 Statue Form              Tmut/Erth      40%        N/A       56%         6


Dungeon Overview and Level Annotations

Branches:
Dungeon (15/15)            Temple (1/1) D:4            Lair (5/5) D:8
  Swamp (4/4) Lair:2        Snake (1/4) Lair:2        Slime (0/5) Lair:4
    Orc (2/2) D:12            Elf (1/3) Orc:2        Vaults (0/5) D:14
 Depths (0/4) D:15        Ossuary (visited)

Altars:
Ashenzari
Cheibriados
Gozag
Hepliaklqana
Kikubaaqudgha
Nemelex Xobeh
Okawaru
Qazlal
Ru
Sif Muna
Trog
Uskayaw
Vehumet
Wu Jian
Xom
Yredelemnul
Zin
The Shining One
Jiyva

Shops:
D:3 *   D:7 =[   Orc:2 *!!(*

Annotations:
Swamp:1 1 runed translucent door, Oxzixom's ghost, adept TrBe
Swamp:3 1 runed translucent door, Uryrphacuxt's ghost, adept MiBe


Message History

The deep elf zephyrmancer casts a spell at you.
The bolt of lightning hits you!!
You hear a shout!
Casting: Fireball (safe; 1% risk of failure)
Confirm with . or Enter, or press ? or * to list all spells.
Aiming: Fireball (safe; 1% risk of failure)
Press: ? - help, Shift-Dir - straight line, f - deep elf pyromancer
Aim: a deep elf pyromancer, wielding a +0 rapier and wearing a +0 leather armour The fireball explodes!
The fireball engulfs the deep elf pyromancer!!
The deep elf pyromancer is severely wounded.
Casting: Fireball (safe; 1% risk of failure)
Confirm with . or Enter, or press ? or * to list all spells.
Aiming: Fireball (safe; 1% risk of failure)
Press: ? - help, Shift-Dir - straight line, f/p - deep elf pyromancer
Aim: a deep elf pyromancer, wielding a +0 rapier and wearing a +0 leather armour (severely wounded)
The fireball explodes!
The fireball engulfs the deep elf pyromancer!!
You kill the deep elf pyromancer!
Vehumet accepts your kill.
You feel your power returning.
You hear a sizzling sound!
The deep elf archer unwields a +0 short sword.
The deep elf archer wields a +0 shortbow.
The deep elf archer shoots an arrow.
The arrow hits you but does no damage.
The deep elf zephyrmancer gestures at you while chanting.
The bolt of lightning hits you!!!
* * * LOW HITPOINT WARNING * * *
You hear a shout! x2
Your Fire Magic skill increases to level 14!
Casting: Fireball (safe; 1% risk of failure)
Confirm with . or Enter, or press ? or * to list all spells.
Aiming: Mephitic Cloud (safe; 1% risk of failure)
Press: ? - help, Shift-Dir - straight line, f - deep elf zephyrmancer
Aim: a deep elf zephyrmancer, wielding a +0 rapier (chance to affect: 58%)
The ball explodes into a vile cloud!
The stinking cloud engulfs the deep elf zephyrmancer but does no damage.
The deep elf zephyrmancer is engulfed in noxious fumes.
The deep elf archer shoots an arrow.
The arrow hits you!
You die...

#...# #)..+ # #...# + #.).#
# #..)# # #. #..)# #
.#...#...###################
.#...#..>..@................
.#...#.§§e..................
.+..ee..○########..###'#####
e#...#.§.#......'..#........
#..e#.e.#......#..'........
#...#...#......#..#........
#)..#...########..#########
#.. #..e. .................
#).. .................


You could see a deep elf archer (repels missiles), 2 deep elf pyromancers and a
deep elf zephyrmancer.

Vanquished Creatures
  Bai Suzhen (Swamp:3)
  A tentacled monstrosity (Swamp:4)
  Jorgrun (Swamp:3)
  A very ugly thing (Swamp:4)
  9 eleionomae
  9 bunyips
  An ettin (D:14)
  2 green deaths (Swamp:4)
  Snorg (D:10)
  A spriggan zombie (D:15)
  Harold (Orc:1)
  A shambling mangrove (Swamp:4)
  13 hydras
  5 boulder beetles
  A catoblepas (Lair:2)
  5 two-headed ogres
  A merfolk avatar (Lair:5)
  A death knight (D:15)
  5 centaur warriors
  8 alligators
  13 death yaks
  A vampire mage (D:15)
  A tengu warrior (D:14)
  A spriggan berserker (Swamp:3)
  5 orc high priests
  7 spriggans
  5 deep elf knights (Elf:1)
  5 skysharks
  A deep troll (D:14)
  2 skeletal warriors (D:15)
  2 sea snakes (Lair:5)
  3 large abominations (Swamp:4)
  6 goliath frogs
  A spriggan druid (Swamp:3)
  6 swamp dragons
  5 deep elf archers (Elf:1)
  7 bog bodies
  Pikel (D:6)
  2 lindwurms
  8 orc knights
  A phantasmal warrior (D:15)
  6 orc sorcerers (Orc:2)
  5 deep elf zephyrmancers (Elf:1)
  2 cyclopes
  2 necromancers
  7 deep elf pyromancers
  A fire giant zombie (D:15)
  A stone giant zombie (D:15)
  A will-o-the-wisp (Swamp:2)
  A mana viper (Snake:1)
  Maurice (D:8)
  12 ugly things
  3 manticores
  Joseph (D:8)
  11 elephants
  8 black mambas
  2 torpor snails
  Maggie (D:6)
  A gargoyle (D:13)
  17 cane toads
  6 rime drakes
  A freezing wraith (D:14)
  12 komodo dragons
  A troll (shapeshifter) (D:14)
  11 hornets
  3 trolls
  2 meliai (shapeshifter)
  A bloated husk (Swamp:1)
  3 polar bears (Lair:2)
  6 tyrant leeches
  Grinder (D:4)
  An ettin zombie (D:15)
  13 blink frogs
  10 dream sheep (Lair:5)
  A snapping turtle (Lair:5)
  15 slime creatures
  4 shadows
  9 wyverns
  5 wraiths
  59 yaks
  6 basilisks
  A fire elemental (Elf:1)
  Grum (D:10)
  12 vampire mosquitoes
  2 steam dragons (Lair:5)
  4 nagas (Lair:2)
  3 wargs
  24 swamp worms
  16 water moccasins
  A floating eye (shapeshifter) (D:13)
  2 acid dragons
  2 small abominations (Swamp:4)
  5 swamp drakes
  3 black bears
  23 orc warriors
  An ice beast (D:6)
  2 tengu (shapeshifter)
  12 wolves
  7 ogres
  A phantom (D:5)
  16 centaurs
  3 kobold brigands (D:8)
  Blork the orc (D:5)
  15 bullfrogs
  2 gnoll sergeants
  10 wights
  4 howler monkeys
  2 hounds
  A jelly (D:8)
  4 gnoll boudas
  5 iguanas
  18 orc priests
  3 centaur zombies (Ossuary)
  A sleepcap (D:7)
  25 orc wizards
  A scorpion zombie (D:3)
  5 mummies (Ossuary)
  5 adders
  27 gnolls
  2 shadow imps
  3 ufetubi
  6 dart slugs
  81 orcs
  7 ball pythons
  7 endoplasms
  8 goblins
  4 hobgoblins
  3 jackals (D:4)
  6 quokkas
  8 bats
  5 frilled lizards
  6 hobgoblin zombies (Ossuary)
  18 kobolds
  A quokka skeleton (D:3)
  10 rats
849 creatures vanquished.

Vanquished Creatures (collateral kills)
  A wraith (D:15)
  An ice beast (D:6)
  A mummy (Ossuary)
  An orc (D:6)
  A jackal (D:4)
  A hobgoblin zombie (Ossuary)
6 creatures vanquished.

Vanquished Creatures (others)
  A deep elf pyromancer (Elf:1)
1 creature vanquished.

Grand Total: 856 creatures vanquished

Notes
Turn   | Place    | Note
-------+----------+-------------------------------------------
     0 | D:1      | pokeman the Deep Elf Hedge Wizard began the quest for the
                  | Orb.
     0 | D:1      | Reached XP level 1. HP: 10/10 MP: 7/7
   258 | D:1      | Reached XP level 2. HP: 16/16 MP: 3/9
   824 | D:1      | Reached skill level 5 in Spellcasting
  1172 | D:1      | Reached XP level 3. HP: 20/20 MP: 8/11
  1176 | D:1      | Learned a level 3 spell: Mephitic Cloud
  1179 | D:1      | Learned a level 2 spell: Call Imp
  1182 | D:1      | Learned a level 2 spell: Blink
  1743 | D:2      | Reached skill level 1 in Armour
  1908 | D:2      | Reached skill level 1 in Fighting
  2229 | D:2      | You fall into a shaft and drop 1 floor!
  2266 | D:2      | Reached XP level 4. HP: 25/25 MP: 8/13
  2599 | D:3      | Found Raehiypa's Assorted Antiques.
  2645 | D:3      | Bought a scroll labelled USYOJ HEESSED for 22 gold pieces
  2645 | D:3      | Bought a scroll labelled CUCZAU SAACISAU for 22 gold pieces
  2645 | D:3      | Bought a pink potion for 19 gold pieces
  2645 | D:3      | Bought a scroll labelled VISCHYO USIHO for 22 gold pieces
  2645 | D:3      | Bought a scroll labelled NAM OLISOD SELOJI for 22 gold
                  | pieces
  2645 | D:3      | Bought a scroll labelled SOSOVV MUIDOER for 22 gold pieces
  2650 | D:3      | Found a faded altar of an unknown god.
  2722 | D:3      | Identified the +1 whip of Incongruity {flame, rPois rC+}
  2814 | D:3      | Bought 2 dark potions for 39 gold pieces
  3178 | D:4      | Found a staircase to the Ecumenical Temple.
  3179 | D:4      | Noticed a black bear
  3187 | Temple   | Entered the Ecumenical Temple
  3212 | Temple   | Became a worshipper of Vehumet
  3241 | D:4      | Killed a black bear
  3242 | D:4      | Reached skill level 6 in Spellcasting
  3242 | D:4      | Reached XP level 5. HP: 27/29 MP: 11/15
  3472 | D:4      | Noticed Grinder
  3478 | D:4      | Paralysed by Grinder for 4 turns
  3546 | D:4      | Killed Grinder
  3547 | D:4      | Reached skill level 5 in Conjurations
  3547 | D:4      | Reached XP level 6. HP: 34/34 MP: 6/17
  3649 | D:4      | Identified the +5 trident of the Many Souls {freeze, Str+5}
  4075 | D:5      | Entered Level 5 of the Dungeon
  4123 | D:5      | Reached skill level 1 in Evocations
  4123 | D:5      | Reached XP level 7. HP: 37/38 MP: 15/19
  4251 | D:5      | Noticed Blork the orc
  4258 | D:5      | Killed Blork the orc
  4259 | D:5      | Reached skill level 1 in Shields
  4259 | D:5      | Reached skill level 7 in Spellcasting
  4380 | D:5      | Reached * piety under Vehumet
  4380 | D:5      | Offered knowledge of Sandblast by Vehumet.
  4381 | D:5      | Reached skill level 1 in Poison Magic
  4443 | D:5      | Reached skill level 1 in Necromancy
  4652 | D:5      | Reached skill level 1 in Air Magic
  4663 | D:5      | Learned a level 7 spell: Orb of Destruction
  4856 | D:5      | Reached skill level 8 in Spellcasting
  4995 | D:5      | Reached XP level 8. HP: 27/43 MP: 12/22
  5408 | D:6      | Noticed Pikel
  5409 | D:6      | Got the Compilation of the Komodo Dragon
  5426 | D:6      | Killed Pikel
  5427 | D:6      | Reached skill level 9 in Spellcasting
  5672 | D:6      | Reached ** piety under Vehumet
  5728 | D:6      | Offered knowledge of Momentum Strike by Vehumet.
  5870 | D:6      | Noticed Maggie
  6048 | D:6      | Reached skill level 10 in Spellcasting
  6048 | D:6      | Reached XP level 9. HP: 43/49 MP: 19/25
  6647 | D:7      | Offered knowledge of Ignite Poison by Vehumet.
  6759 | D:7      | Found Ogojiq's Armour Boutique.
  6962 | D:7      | Found a snail-covered altar of Cheibriados.
  6964 | D:7      | Found a sparkling altar of Nemelex Xobeh.
  6970 | D:7      | Found a shimmering blue altar of Sif Muna.
  6995 | D:7      | Found Noogomioj's Jewellery Shop.
  7001 | D:7      | Bought a ring of see invisible for 150 gold pieces
  7058 | D:8      | Found a sand-covered staircase.
  7086 | Ossuary  | Entered an ossuary
  7102 | Ossuary  | Reached skill level 1 in Earth Magic
  7260 | Ossuary  | Reached *** piety under Vehumet
  7433 | D:8      | Noticed Joseph
  7459 | D:8      | Killed Joseph
  7460 | D:8      | Reached skill level 11 in Spellcasting
  7460 | D:8      | Reached skill level 5 in Necromancy
  7476 | D:8      | Noticed a komodo dragon
  7691 | D:8      | Identified the ring "Ecood" {AC+4 Str-5 Dex+6}
  7705 | D:8      | Offered knowledge of Hailstorm by Vehumet.
  8152 | D:8      | Found a staircase to the Lair.
  8199 | D:8      | Noticed Maurice
  8210 | D:8      | Learned a level 3 spell: Hailstorm
  8222 | D:8      | Killed Maurice
  8223 | D:8      | Reached skill level 12 in Spellcasting
  8223 | D:8      | Reached XP level 10. HP: 47/54 MP: 3/28
  8396 | D:8      | Reached **** piety under Vehumet
  8832 | D:8      | Offered knowledge of Sticky Flame by Vehumet.
  8911 | D:8      | Learned a level 4 spell: Sticky Flame
  9118 | D:9      | Reached skill level 1 in Fire Magic
  9118 | D:9      | Reached skill level 1 in Ice Magic
  9312 | D:9      | Noticed a two-headed ogre
  9323 | D:9      | Killed a two-headed ogre
  9324 | D:9      | Reached skill level 13 in Spellcasting
  9726 | D:10     | Entered Level 10 of the Dungeon
  9758 | D:10     | Noticed a two-headed ogre
  9769 | D:10     | Killed a two-headed ogre
  9839 | D:10     | Noticed Snorg
  9861 | D:10     | Killed Snorg
 10055 | D:10     | Reached XP level 11. HP: 58/58 MP: 24/30
 10066 | D:10     | Reached skill level 14 in Spellcasting
 10192 | D:10     | Noticed a two-headed ogre
 10210 | D:10     | Killed a two-headed ogre
 10393 | D:10     | Noticed a two-headed ogre
 10404 | D:10     | Killed a two-headed ogre
 10507 | D:10     | Noticed Grum
 10517 | D:10     | Killed Grum
 11235 | D:11     | Reached skill level 15 in Spellcasting
 11236 | D:11     | Reached skill level 5 in Fire Magic
 11543 | D:11     | Learned a level 5 spell: Freezing Cloud
 11840 | D:12     | Found a transporter.
 11841 | D:12     | Found a transporter.
 11841 | D:12     | Noticed a two-headed ogre
 11846 | D:12     | Killed a two-headed ogre
 11847 | D:12     | Reached skill level 10 in Conjurations
 11924 | D:12     | Noticed a white ugly thing
 11925 | D:12     | Noticed a cyan ugly thing
 11942 | D:12     | Killed a white ugly thing
 11944 | D:12     | Killed a cyan ugly thing
 12024 | D:12     | Found a transporter.
 12026 | D:12     | Found a transporter.
 12177 | D:12     | Reached ***** piety under Vehumet
 12353 | D:12     | Identified the +8 war axe of Crystal {antimagic, Will+
                  | Dex+2}
 12380 | D:12     | Learned a level 5 spell: Fireball
 12386 | D:12     | Learned a level 5 spell: Iskenderun's Battlesphere
 12442 | D:12     | Offered knowledge of Eringya's Noxious Bog by Vehumet.
 12697 | D:12     | Noticed a boulder beetle
 12714 | D:12     | Killed a boulder beetle
 12715 | D:12     | Reached XP level 12. HP: 64/64 MP: 5/33
 12928 | D:12     | Found a staircase to the Orcish Mines.
 13198 | D:13     | Noticed a centaur warrior
 13207 | D:13     | Reached skill level 16 in Spellcasting
 13210 | D:13     | Killed a centaur warrior
 13222 | D:13     | Paralysed by a floating eye for 2 turns
 13373 | D:13     | Noticed a boulder beetle
 13423 | D:13     | Noticed a centaur warrior
 13771 | D:6      | Killed Maggie
 13942 | D:13     | Found a snail-covered altar of Cheibriados.
 13964 | D:13     | Killed a centaur warrior
 14063 | D:13     | Killed a boulder beetle
 14156 | D:13     | Noticed a centaur warrior
 14169 | D:13     | Killed a centaur warrior
 15068 | D:14     | Noticed a tengu warrior
 15072 | D:14     | Noticed a boulder beetle
 15073 | D:14     | Killed a tengu warrior
 15104 | D:14     | Killed a boulder beetle
 15105 | D:14     | Reached skill level 17 in Spellcasting
 15243 | D:14     | Identified the +4 long sword of Duynkam {chaos, rPois MP-9
                  | Str+2 Int+2}
 15301 | D:14     | Noticed a centaur warrior
 15304 | D:14     | Killed a centaur warrior
 15411 | D:14     | Noticed a centaur warrior
 15416 | D:14     | Killed a centaur warrior
 15744 | D:14     | Noticed a boulder beetle
 15758 | D:14     | Killed a boulder beetle
 16067 | D:14     | Noticed an ettin
 16072 | D:14     | Killed an ettin
 16367 | D:14     | Reached skill level 5 in Fighting
 16438 | D:14     | Found a gate to the Vaults.
 16501 | D:15     | Entered Level 15 of the Dungeon
 16524 | D:15     | Reached XP level 13. HP: 55/72 MP: 13/36
 16594 | D:15     | Reached skill level 18 in Spellcasting
 16633 | D:15     | Identified the ring of Xibre {rCorr Dex+6 Stlth+}
 18307 | D:15     | Found a staircase to the Depths.
 18810 | D:15     | Reached skill level 5 in Armour
 18983 | D:15     | Offered knowledge of Fulminant Prism by Vehumet.
 19451 | Lair:1   | Entered Level 1 of the Lair of Beasts
 19682 | Lair:1   | Reached skill level 19 in Spellcasting
 19722 | Lair:1   | Identified the +3 cloak of the Swan {Str-4 Int+6 Dex+2}
 20938 | Lair:2   | Identified the +0 plate armour of the Snake Pit {Dex+2
                  | SInv}
 21294 | Lair:2   | Reached XP level 14. HP: 56/78 MP: 2/39
 21391 | Lair:2   | Found a staircase to the Snake Pit.
 21857 | Lair:2   | Found a staircase to the Swamp.
 21998 | Lair:2   | Reached skill level 20 in Spellcasting
 22054 | Lair:2   | Reached skill level 10 in Fire Magic
 23023 | Lair:3   | Offered knowledge of Arcjolt by Vehumet.
 23024 | Lair:3   | Reached skill level 5 in Shields
 23963 | Lair:4   | Reached skill level 21 in Spellcasting
 24097 | Lair:4   | Found a staircase to the Slime Pits.
 24098 | Lair:4   | Found a viscous altar of Jiyva.
 24641 | Lair:5   | Entered Level 5 of the Lair of Beasts
 24964 | Lair:5   | Reached XP level 15. HP: 82/82 MP: 42/42
 25458 | Lair:5   | Reached skill level 22 in Spellcasting
 25552 | Lair:5   | Offered knowledge of Starburst by Vehumet.
 26488 | Orc:1    | Entered Level 1 of the Orcish Mines
 26887 | Orc:1    | Noticed Harold
 26890 | Orc:1    | Killed Harold
 27070 | Orc:2    | Entered Level 2 of the Orcish Mines
 27261 | Orc:2    | Found a staircase to the Elven Halls.
 27508 | Orc:2    | Found Rergh's Assorted Antiques.
 27515 | Orc:2    | Bought a fizzy puce potion for 30 gold pieces
 27605 | Orc:2    | Found Fuisoekh's General Store.
 27744 | Orc:2    | Found a runed translucent door.
 27875 | Orc:2    | Found Exidaishou's Antique Weapon Shop.
 27876 | Orc:2    | Found Robluq's Distillery.
 27876 | Orc:2    | Found Leugeit's Distillery.
 27887 | Orc:2    | Bought a potion of curing for 42 gold pieces
 27887 | Orc:2    | Bought a potion of haste for 140 gold pieces
 27887 | Orc:2    | Bought a potion of curing for 42 gold pieces
 27895 | Orc:2    | Bought a potion of curing for 48 gold pieces
 27895 | Orc:2    | Bought a potion of heal wounds for 80 gold pieces
 27895 | Orc:2    | Bought a potion of curing for 48 gold pieces
 27897 | Orc:2    | Bought a scroll of teleportation for 39 gold pieces
 27897 | Orc:2    | Bought a potion of heal wounds for 65 gold pieces
 28043 | Orc:2    | Offered knowledge of Ozocubu's Refrigeration by Vehumet.
 28415 | Swamp:1  | Entered Level 1 of the Swamp
 28593 | Swamp:1  | Reached ****** piety under Vehumet
 28964 | Swamp:1  | Reached skill level 23 in Spellcasting
 29067 | Swamp:1  | Found a runed translucent door.
 29070 | Swamp:1  | Noticed Oxzixom's ghost (adept TrBe)
 29558 | Swamp:2  | Reached XP level 16. HP: 88/88 MP: 21/45
 30134 | Swamp:3  | Noticed Jorgrun
 30147 | Swamp:3  | Killed Jorgrun
 30148 | Swamp:3  | Reached skill level 15 in Conjurations
 30382 | Swamp:3  | Noticed Uryrphacuxt's ghost (adept MiBe)
 30411 | Swamp:3  | Offered knowledge of Leda's Unmaking by Vehumet.
 30419 | Swamp:3  | Learned a level 6 spell: Leda's Unmaking
 30432 | Swamp:3  | Found a runed translucent door.
 30452 | Swamp:3  | Noticed Bai Suzhen
 30470 | Swamp:3  | Killed Bai Suzhen
 30951 | Swamp:4  | Entered Level 4 of the Swamp
 31155 | Swamp:4  | Reached skill level 24 in Spellcasting
 31776 | Swamp:4  | Offered knowledge of Plasma Beam by Vehumet.
 31902 | Swamp:4  | Noticed a tentacled monstrosity
 31914 | Swamp:4  | Killed a tentacled monstrosity
 32011 | Swamp:4  | Reached XP level 17. HP: 47/96 MP: 25/47
 32175 | Swamp:4  | Got a decaying rune of Zot
 32745 | Snake:1  | Entered Level 1 of the Snake Pit
 33012 | Elf:1    | Entered Level 1 of the Elven Halls
 33409 | Elf:1    | Reached skill level 25 in Spellcasting
 33429 | Elf:1    | Shot with an arrow by a deep elf archer

Illustrated notes

Levels and vault maps discovered:
D:1:      minmay_arrival_four_houses, layout_loops_ring,
          amcnicky_mini_rare_corridor_liquid, grunt_decor_arrowhead,
          kennysheep_flooded_box
D:2:      minmay_chambers_of_ones, layout_rooms, kennysheep_generic_room_11
D:3:      layout_rooms, serial_shops, shop,
          hellmonk_ecumenical_altar_pennies_from_heaven, serial_undead,
          serial_undead_e, serial_undead_f, serial_undead_a, serial_undead_c,
          serial_undead_b
D:4:      layout_gridville, minmay_temple_entry_poolview, uniq_grinder
D:5:      layout_gridville, uniq_blork_the_orc
D:6:      layout_basic, uniq_pikel, uniq_maggie
D:7:      layout_cave_pools, minmay_overflow_temple_star_quad, serial_shops,
          shop_statue, shop, dreamdust_princess_corridor
D:8:      layout_rooms, david_lair_shrubbed, nicolae_ossuary_entry_ruins,
          uniq_maurice, uniq_joseph
D:9:      layout_gridville
D:10:     layout_grid_maze, uniq_grum, uniq_snorg
D:11:     layout_roguey
D:12:     layout_small_grid, erik_orc_1, nicolae_diode_quadrants
D:13:     layout_basic, cheibriados_altar_1
D:14:     layout_loops_ring, david_vaults_4, minmay_holes
D:15:     gammafunk_depths_entry_grave, layout_basic, abandoned_shop
Temple:   nicolae_temple_bog_church
Lair:1:   layout_loops_ring
Lair:2:   layout_long_grid, palyth_hydra_swamp_entry,
          minmay_snake_entry_guardpost_small, grunt_megastairs_3,
          infiniplex_staircase_pool_2
Lair:3:   layout_cave_pods, grunt_megastairs_1
Lair:4:   layout_roguey, slime_entry_1, beast_lair_carwin_2, grunt_megastairs_2
Lair:5:   gammafunk_lair_ancient_temple, layout_small_grid
Swamp:1:  layout_falls_marsh, ebering_ghost_reflecting_pool,
          evilmike_swamp_ruin_house_1
Swamp:2:  layout_basic_swamp, evilmike_swamp_ruin_house_2, swamp_pool5,
          nicolae_swamp_alligator_family
Swamp:3:  layout_basic_swamp, hellmonk_ghost_happy_afterlife,
          infiniplex_staircase_pool, uniq_jorgrun, uniq_bai_suzhen
Swamp:4:  swamp_vile, layout_basic_swamp
Snake:1:  nicolae_snakescales, layout_misc_corridors, drop_trap,
          nicolae_snake_shapes, uniq_mlioglotl
Orc:1:    layout_caves, uniq_harold
Orc:2:    st_orc_elflike, layout_caves, serial_shops, shop,
          lightli_church_of_beogh
Elf:1:    eino_elf_arrival_customs, layout_onion_city, serial_shops, shop,
          enter_trove_6, minmay_elf_demonology, uniq_frances, uniq_zenata

Skill      XL: |  1  2  3  4  5  6  7  8  9 10 11 12 13 14 15 16 17 |
---------------+----------------------------------------------------+-----
Spellcasting   | 5 6 8 10 12 13 15 17 19 21 23 24 25 | 25.0
Armour         | 1 2 4 5 6 |  6.6
Fighting       | 1 2 3 5 7 |  7.0
Conjurations   | 2 5 6 7 9 10 11 12 13 14 15 16 | 16.0
Dodging        | 3 4 |  4.0
Stealth        | 3 4 |  4.0
Evocations     | 1 |  1.1
Shields        | 1 3 4 5 7 |  7.0
Poison Magic   | 1 |  1.2
Necromancy     | 2 4 5 |  5.2
Air Magic      | 1 |  1.0
Earth Magic    | 3 4 |  4.1
Fire Magic     | 3 5 8 9 11 12 13 14 | 14.0
Ice Magic      | 1 |  1.2
Summonings     | |  1.1
Translocations | |  1.1

Action                     |  1- 3 |  4- 6 |  7- 9 | 10-12 | 13-15 | 16-18 || total
---------------------------+-------+-------+-------+-------+-------+-------++-------
  Melee: Broad axe         |       |     9 |       |       |       |       ||     9
         Whip              |       |    32 |    39 |       |       |       ||    71
         Punch             |       |     2 |     2 |     1 |       |       ||     5
         Trident           |       |    14 |   123 |   130 |   108 |     1 ||   376
   Cast: Magic Dart        |   121 |    61 |   285 |    85 |     8 |     3 ||   563
         Call Imp          |       |     3 |     8 |     2 |     3 |       ||    16
         Mephitic Cloud    |       |     3 |    36 |    43 |    10 |     1 ||    93
         Blink             |       |       |     6 |     5 |    13 |     4 ||    28
         Hailstorm         |       |       |     7 |    38 |       |       ||    45
         Sticky Flame      |       |       |       |    31 |     1 |       ||    32
         Freezing Cloud    |       |       |       |    19 |    20 |     4 ||    43
         Fireball          |       |       |       |    73 |   513 |   226 ||   812
         Iskenderun's Batt |       |       |       |     4 |     1 |     1 ||     6
         Orb of Destructio |       |       |       |     1 |     5 |     3 ||     9
  Evoke: Wand              |       |       |       |       |       |     1 ||     1
    Use: Scroll            |       |       |       |    12 |     4 |       ||    16
   Stab: Confused          |       |     1 |    19 |    19 |     4 |       ||    43
         Distracted        |       |     1 |     1 |       |     1 |       ||     3
         Sleeping          |       |       |       |       |     1 |       ||     1
 Armour: Robe              |     2 |     1 |    19 |     2 |       |       ||    24
         Troll leather arm |       |       |       |     4 |       |       ||     4
         Swamp dragon scal |       |       |       |     2 |    58 |    21 ||    81
  Dodge: Dodged            |    10 |    52 |   211 |   143 |    72 |    12 ||   500
  Block: Other             |       |    13 |    48 |    32 |    12 |       ||   105
         Reflection        |       |       |     2 |     3 |       |     1 ||     6
         Buckler           |       |       |       |       |     2 |     6 ||     8

Table legend: (Time is in decaauts)
 A = Elapsed time spent in this place.
 B = Non-inter-level travel time spent in this place.
 C = Inter-level travel time spent in this place.
 D = Time resting spent in this place.
 E = Time spent auto-exploring this place.
 F = Levels seen in this place.
 G = Mean time per level.
                   A        B        C        D        E       F      G
               +--------+--------+--------+--------+--------+-----+--------+
         Total |  33959 |  29919 |   4040 |   2733 |  22457 |  30 | 1132.0 |
       Dungeon |  20060 |  17005 |   3055 |   1110 |  13207 |  15 | 1337.3 |
        Temple |    117 |     87 |     30 |      0 |     10 |   1 |  117.0 |
          Lair |   7333 |   6796 |    537 |    946 |   5012 |   5 | 1466.6 |
         Swamp |   3881 |   3656 |    225 |    315 |   2727 |   4 |  970.2 |
     Snake Pit |      7 |      7 |      0 |      0 |      0 |   1 |    7.0 |
  Orcish Mines |   1783 |   1594 |    189 |    184 |   1110 |   2 |  891.5 |
   Elven Halls |    436 |    436 |      0 |    178 |    153 |   1 |  436.0 |
       Ossuary |    339 |    339 |      0 |      0 |    236 |   1 |  339.0 |
               +--------+--------+--------+--------+--------+-----+--------+

Top non-repeatable levels by time:
    D:14: 2118 daAuts
  Lair:2: 1920 daAuts
    D:12: 1784 daAuts
    D:15: 1735 daAuts
    D:10: 1731 daAuts
     D:5: 1502 daAuts
  Lair:3: 1448 daAuts
     D:1: 1439 daAuts
     D:8: 1438 daAuts
  Lair:5: 1414 daAuts
    D:13: 1388 daAuts
  Lair:1: 1361 daAuts
 Swamp:4: 1312 daAuts
     D:4: 1284 daAuts
     D:6: 1207 daAuts
